 Dungeon Crawl Stone Soup version 0.23-a0-389-g4a5eb334b0 (webtiles) character file.

294 Aelund the Insei (level 6, -3/48 HPs)
             Began as a Merfolk Transmuter on Oct 30, 2018.
             Slain by an iguana (8 damage)
             ... on level 5 of the Dungeon.
             The game lasted 00:19:18 (4028 turns).

Aelund the Insei (Merfolk Transmuter)               Turns: 4028, Time: 00:19:18

Health: -3/48      AC:  4    Str: 10    XL:     6   Next: 33%
Magic:  9/9        EV: 14    Int: 14    God:
Gold:   224        SH:  0    Dex: 15    Spells: 4/9 levels left

rFire    . . .     SeeInvis .     - Unarmed
rCold    . . .     Gourm    .   (no shield)
rNeg     . . .     Faith    .   p - +0 leather armour
rPois    .         Spirit   .   (no helmet)
rElec    .         Reflect  .   (no cloak)
rCorr    .         Harm     .   b - +0 pair of gloves
MR       .....                  (no boots)
Stlth    +.........             (no amulet)
HPRegen  0.16/turn              (no ring)
MPRegen  0.11/turn              (no ring)

@: no status effects
A: change form in water, swift swim, stealthy swim
a: no special abilities


You were on level 5 of the Dungeon.
You were not hungry.

You visited 1 branch of the dungeon, and saw 5 of its levels.

You collected 224 gold pieces.

Inventory:

Missiles
 a - 71 arrows
Armour
 b - a +0 pair of gloves (worn)
 p - a +0 leather armour (worn)
Jewellery
 i - a +3 ring of protection
 o - an uncursed ring of stealth {unknown}
 q - an uncursed ring of positive energy {unknown}
 t - an uncursed ring of protection from magic
Scrolls
 c - 2 scrolls of noise {unknown}
 e - a scroll of teleportation
 j - 2 scrolls of amnesia
 l - 2 scrolls of remove curse
 m - a scroll of fear
 u - 2 scrolls of identify
 v - a scroll of magic mapping
Potions
 f - a potion of mutation
 g - 2 potions of degeneration {unknown}
 h - a potion of ambrosia
 k - 2 potions of brilliance
 n - a potion of resistance {unknown}
 r - a potion of heal wounds
 s - 2 potions of curing {unknown}
Comestibles
 d - 8 rations


   Skills:
 + Level 3.8 Fighting
 + Level 4.5 Dodging
 * Level 5.1 Unarmed Combat
 - Level 2.0 Spellcasting
 + Level 3.9 Transmutations


You had 4 spell levels left.
You knew the following spells:

 Your Spells              Type           Power        Failure   Level  Hunger
a - Sticks to Snakes      Tmut           ##......     10%         2    ###....
b - Spider Form           Tmut/Pois      #.........   41%         3    ####...

Your spell library contained the following spells:

 Spells                   Type           Power        Failure   Level  Hunger
 Beastly Appendage        Tmut           ##....       6%          1    ##.....
 Animate Skeleton         Necr           N/A          32%         1    ##.....
 Pain                     Necr           #...         32%         1    ##.....
 Regeneration             Chrm/Necr      #.........   67%         3    ####...
 Vampiric Draining        Necr           #.........   67%         3    ####...
 Ice Form                 Ice/Tmut       #.......     82%         4    #####..
 Animate Dead             Necr           N/A          97%         4    #####..
 Blade Hands              Tmut           ##........   87%         5    ######.


Dungeon Overview and Level Annotations

Branches:
Dungeon (5/15)
 Temple: D:4-7

Altars:
Trog

Annotations:
D:5 5 runed doors


Message History

The iguana is severely wounded.
The iguana misses you.
You barely miss the iguana.
The iguana is severely wounded.
The iguana barely misses you.
You hit the iguana but do no damage.
The iguana is severely wounded.
The iguana completely misses you.
You hit the iguana but do no damage.
The iguana is severely wounded.
The iguana barely misses you.
You closely miss the iguana.
The iguana is severely wounded.
The iguana hisses menacingly.
The iguana bites you!
* * * LOW HITPOINT WARNING * * *
You hit the iguana but do no damage.
The iguana is severely wounded.
The iguana bites you!
You die...

#...................#
..##...######.##.##.#
#...#......##.##.##.#
#.##.###............#
#.##.#
#.#.##.##.##.######
#.#...#
#................
#...#..
####.<.....#####
..#...# ####.##.##
.....# #@##..# #..
..### #l###.# ...##
#.# #.# #.# ...#
#.####### #.# #.#
#..# ........# #.#
#.###..# #.#####.#
#.# #.##..# #.# #.#
#.# #....##+## # #.#
#.# #.#
###..#a..##### ..#
#.# #.# ##.#....#(#S


You could see an iguana.

Vanquished Creatures
  A crimson imp (D:5)
  A hound (D:4)
  A worker ant (D:4)
  A worker ant zombie (D:3)
  4 adders
  3 gnolls (D:3)
  An ooze (D:1)
  A worm (D:2)
  A dart slug (D:1)
  6 leopard geckos
  6 orcs
  3 bats
  4 giant cockroaches
  8 goblins
  2 hobgoblins (D:1)
  10 jackals
  5 kobolds
  A quokka (D:3)
  A ball python zombie (D:5)
  5 frilled lizards
  2 rats
67 creatures vanquished.

Vanquished Creatures (collateral kills)
  An ogre (D:5)
1 creature vanquished.

Grand Total: 68 creatures vanquished

Notes
Turn   | Place    | Note
-------+----------+-------------------------------------------
     0 | D:1      | Aelund the Merfolk Transmuter began the quest for the Orb.
     0 | D:1      | Reached XP level 1. HP: 15/15 MP: 3/3
   267 | D:1      | Reached XP level 2. HP: 14/22 MP: 5/5
   693 | D:1      | Reached XP level 3. HP: 22/27 MP: 6/6
  1285 | D:2      | Reached XP level 4. HP: 13/35 MP: 7/7
  1990 | D:3      | Reached skill level 4 in Unarmed Combat
  2125 | D:3      | Reached XP level 5. HP: 24/41 MP: 8/8
  2464 | D:3      | Learned a level 2 spell: Sticks to Snakes
  2608 | D:3      | Learned a level 3 spell: Spider Form
  3378 | D:5      | Entered Level 5 of the Dungeon
  3400 | D:5      | Reached XP level 6. HP: 35/48 MP: 9/9
  3491 | D:5      | Found a bloodstained altar of Trog.
  3552 | D:5      | Reached skill level 5 in Unarmed Combat
  3892 | D:5      | Found a runed door.
  3892 | D:5      | Found a runed gate.
  3894 | D:5      | Noticed a soldier ant
  3894 | D:5      | Noticed a soldier ant
  3894 | D:5      | Noticed a soldier ant
  3903 | D:5      | Found a runed gate.
  3903 | D:5      | Found a runed gate.
  3905 | D:5      | Noticed a water moccasin
  3905 | D:5      | Noticed a soldier ant
  3905 | D:5      | Noticed a water moccasin
  3913 | D:5      | Found a runed door.
  4028 | D:5      | Slain by an iguana

Vault maps used:
D:1:      mrwooster_arrival_statue_2, serial_bayou_ford_a, grunt_decor_clamped,
          roderic_lattice_a
D:2:      wad_pebble_path
D:3:      chequers_serial_rivers_micro_e
D:4:      first_ration
D:5:      nicolae_overflow_crystal_walls, marbit_many_paths,
          minmay_guarded_unrand_staff_of_olgreb

Skill      XL: |  1  2  3  4  5  6 |
---------------+-------------------+-----
Dodging        | 3 4 |  4.5
Fighting       | 2 3 |  3.8
Unarmed Combat | 4 5 |  5.1
Transmutations | 3 |  3.9
Spellcasting   | |  2.0

Action                   |  1- 3 |  4- 6 || total
-------------------------+-------+-------++-------
Melee: Unarmed           |   124 |   247 ||   371
       Punch             |     2 |     1 ||     3
 Cast: Sticks to Snakes  |       |     5 ||     5
  Use: Scroll            |       |    15 ||    15
  Eat: Chunk             |     1 |     7 ||     8
       Ration            |       |     1 ||     1
Armor: Chain mail        |    81 |    78 ||   159
       Scale mail        |       |    27 ||    27
       Leather armour    |       |     5 ||     5
Dodge: Dodged            |    26 |   130 ||   156

Table legend:
 A = Non-vault XP
 B = Vault XP
 C = Vault XP percentage of total XP
 D = Non-vault monster count
 E = Vault monster count
 F = Vault count percentage of total count
                 A         B        C        D         E       F
            +---------+---------+-------+---------+---------+-------
      Total |     420 |       0 |   0.0 |      68 |       0 |   0.0
            +---------+---------+-------+---------+---------+-------
        D:1 |      37 |       0 |   0.0 |      16 |       0 |   0.0
        D:2 |      68 |       0 |   0.0 |      17 |       0 |   0.0
        D:3 |     104 |       0 |   0.0 |      20 |       0 |   0.0
        D:4 |      88 |       0 |   0.0 |       7 |       0 |   0.0
        D:5 |     123 |       0 |   0.0 |       8 |       0 |   0.0
            +---------+---------+-------+---------+---------+-------
